[Event "Marienbad Open-B2 2019"]
[Site "Marianske Lazne"]
[Date "2019.01.24"]
[Round "7"]
[White "German, Nikita"]
[Black "Lukasiewicz, Krzysztof"]
[Result "1/2-1/2"]
[ECO "B19"]
[WhiteElo "2162"]
[BlackElo "2223"]
[Annotator "NA"]
[PlyCount "64"]
[EventDate "2019.01.17"]
[EventType "tourn"]
[EventCountry "CZE"]
[SourceTitle "playchess.com"]
[Source "ChessBase"]
[SourceQuality "1"]
[TimeControl "40/5400+30:1800+30"]

1. e4 c6 2. d4 d5 3. Nc3 dxe4 4. Nxe4 Bf5 5. Ng3 Bg6 6. h4 h6 7. Nf3 Nd7 8. h5 Bh7 9. Bd3 Bxd3 10. Qxd3 e6 11. Bd2 Ngf6 12. O-O-O Be7 13. Kb1 O-O 14. Ne4 c5 15. dxc5 Qc7 16. Nxf6+ Nxf6 17. Bc3 Qxc5 18. Bd4 Qc7 19. Ne5 Rfd8 20. Qe2 Bc5 21. Bxc5 Qxc5 22. g4 Rd5 23. Rxd5 Nxd5 24. Qf3 Qc7 25. Qe4 Nf6 26. Qe2 Rd8 27. Nd3 Qc6 28. Rg1 Qe4 29. Qxe4 Nxe4 30. Kc1 Kf8 31. f3 Nf6 32. Kd2 Ke7 1/2-1/2

[Event "Marienbad Open-B2 2019"]
[Site "Marianske Lazne"]
[Date "2019.01.24"]
[Round "7"]
[White "Ng, Jen Sheng"]
[Black "Hesse, Henrik"]
[Result "1-0"]
[ECO "B06"]
[WhiteElo "2075"]
[BlackElo "2166"]
[Annotator "ChessBase"]
[PlyCount "121"]
[EventDate "2019.01.17"]
[EventType "tourn"]
[EventCountry "CZE"]
[SourceTitle "playchess.com"]
[Source "ChessBase"]
[SourceQuality "1"]
[TimeControl "40/5400+30:1800+30"]

1. e4 g6 2. d4 Bg7 3. Nc3 d5 4. exd5 Nf6 5. Bc4 Nbd7 6. Qf3 Nb6 7. Bb3 Bg4 8. Qg3 Bf5 9. Qf3 O-O 10. h3 Qd6 11. Nge2 h5 12. Bf4 Qd7 13. Be5 Rad8 14. Bxf6 Bxf6 15. O-O-O h4 16. Kb1 a5 17. a4 Kg7 18. Nf4 Rh8 19. Rhe1 Qd6 20. g4 hxg3 21. fxg3 Bxh3 22. Ne4 Qd7 23. Nf2 g5 24. Nh5+ Kg6 25. Nxf6 exf6 26. g4 f5 27. Nxh3 fxg4 28. Qd3+ Qf5 29. Nf2 Qxd3 30. Nxd3 f6 31. c4 g3 32. Bc2 Kf7 33. b3 Rh2 34. Re3 g2 35. Rg1 Rh1 36. Ree1 Rdh8 37. Rxg2 Rxe1+ 38. Nxe1 Rh4 39. Nd3 Nc8 40. Nc5 Nd6 41. Rf2 g4 42. Ne4 Nxe4 43. Bxe4 g3 44. Re2 Rf4 45. Re3 Rf1+ 46. Kc2 g2 47. Bxg2 Rf2+ 48. Kd3 Rxg2 49. c5 f5 50. d6 cxd6 51. cxd6 f4 52. d7 fxe3 53. d8=Q e2 54. Kd2 Ke6 55. Qc8+ Kd6 56. Qxb7 Rf2 57. Qb6+ Kd5 58. Qxa5+ Ke4 59. Qe5+ Kf3 60. Qe3+ Kg2 61. Qxe2 1-0

[Event "Marienbad Open-B2 2019"]
[Site "Marianske Lazne"]
[Date "2019.01.25"]
[Round "8"]
[White "Stigar, Petter"]
[Black "German, Nikita"]
[Result "1/2-1/2"]
[ECO "C07"]
[WhiteElo "2177"]
[BlackElo "2162"]
[Annotator "NA"]
[PlyCount "53"]
[EventDate "2019.01.17"]
[EventType "tourn"]
[EventCountry "CZE"]
[SourceTitle "playchess.com"]
[Source "ChessBase"]
[SourceQuality "1"]
[TimeControl "40/5400+30:1800+30"]

1. e4 e6 2. d4 d5 3. Nd2 c5 4. exd5 Qxd5 5. Ngf3 cxd4 6. Bc4 Qd6 7. O-O Nf6 8. Nb3 Nc6 9. Nbxd4 Nxd4 10. Qxd4 Qxd4 11. Nxd4 Bd7 12. Be2 Rc8 13. c3 Bd6 14. Be3 Nd5 15. Nb5 Bb8 16. Bd2 Ke7 17. Rad1 Nf4 18. Bxf4 Bxf4 19. Nd4 Rhd8 20. Rfe1 Kf8 21. g3 Bb8 22. Bf3 b6 23. Nc6 Bxc6 24. Bxc6 Ke7 25. Bb7 Rxd1 26. Rxd1 Rd8 27. Rxd8 1/2-1/2

[Event "Marienbad Open-B2 2019"]
[Site "Marianske Lazne"]
[Date "2019.01.25"]
[Round "8"]
[White "Ng, Jen Sheng"]
[Black "Kacharava, Nikolozi"]
[Result "0-1"]
[ECO "B09"]
[WhiteElo "2075"]
[BlackElo "2397"]
[Annotator "NA"]
[PlyCount "66"]
[EventDate "2019.01.17"]
[EventType "tourn"]
[EventCountry "CZE"]
[SourceTitle "playchess.com"]
[Source "ChessBase"]
[SourceQuality "1"]
[TimeControl "40/5400+30:1800+30"]

1. e4 d6 2. d4 Nf6 3. Nc3 g6 4. f4 Bg7 5. Nf3 O-O 6. Be3 b6 7. Qd2 Bb7 8. Bd3 Ng4 9. Bg1 c5 10. h3 Nf6 11. d5 e6 12. dxe6 fxe6 13. Ng5 Qe7 14. O-O-O h6 15. Nf3 d5 16. e5 Ne4 17. Qe1 Nxc3 18. Qxc3 Rxf4 19. Bh2 Rf8 20. Qd2 Qe8 21. c3 Nc6 22. h4 d4 23. c4 Ne7 24. Bf4 Nf5 25. Rdf1 Rd8 26. Rhg1 Qe7 27. Rh1 b5 28. h5 g5 29. Nxg5 Ne3 30. Rf2 Rxf4 31. Rxf4 Qxg5 32. Rf2 bxc4 33. Bg6 c3 0-1

[Event "Marienbad Open-B2 2019"]
[Site "Marianske Lazne"]
[Date "2019.01.26"]
[Round "9"]
[White "Plischki, Sebastian"]
[Black "Lukasiewicz, Krzysztof"]
[Result "1-0"]
[ECO "A40"]
[WhiteElo "2426"]
[BlackElo "2223"]
[Annotator "RC"]
[PlyCount "63"]
[EventDate "2019.01.17"]
[EventType "tourn"]
[EventCountry "CZE"]
[SourceTitle "playchess.com"]
[Source "ChessBase"]
[SourceQuality "1"]
[TimeControl "40/5400+30:1800+30"]

1. d4 Nf6 2. c4 e6 3. Nc3 d5 4. cxd5 exd5 5. Bg5 Be7 6. e3 c6 7. Bd3 Nbd7 8. h3 Ne4 9. Bxe7 Qxe7 10. Bxe4 dxe4 11. Qg4 Nf6 12. Qxg7 Rg8 13. Qh6 Rxg2 14. Nge2 Rg8 15. O-O-O Be6 16. Nf4 O-O-O 17. Rhg1 Bf5 18. Rg5 Bg6 19. Re5 Qd6 20. Nxg6 hxg6 21. Qf4 Rh8 22. Nxe4 Nxe4 23. Rxe4 Qd5 24. Re7 Rd7 25. Rxd7 Kxd7 26. Qg4+ Kc7 27. Kb1 Rh5 28. e4 Qc4 29. d5 Kb6 30. Qf3 cxd5 31. exd5 Re5 32. Qf6+ 1-0

[Event "Marienbad Open-B2 2019"]
[Site "Marianske Lazne"]
[Date "2019.01.26"]
[Round "9"]
[White "Kacharava, Nikolozi"]
[Black "Hesse, Henrik"]
[Result "1/2-1/2"]
[ECO "B45"]
[WhiteElo "2397"]
[BlackElo "2166"]
[Annotator "NA"]
[PlyCount "66"]
[EventDate "2019.01.17"]
[EventType "tourn"]
[EventCountry "CZE"]
[SourceTitle "playchess.com"]
[Source "ChessBase"]
[SourceQuality "1"]
[TimeControl "40/5400+30:1800+30"]

1. e4 c5 2. Nf3 e6 3. d4 cxd4 4. Nxd4 Nc6 5. Nc3 Qc7 6. Be3 a6 7. f4 d6 8. Bd3 Nf6 9. O-O Be7 10. Qf3 O-O 11. a3 Nxd4 {[%emt 0:09:26] B48: Sicilian: Taimanov: 5 Nc3 Qc7 6 Be3 a6 without Be2} 12. Bxd4 e5 13. Be3 exf4 14. Qxf4 {[%emt 0:05:20] LiveBook: 7 Games} Be6 15. Nd5 Bxd5 16. exd5 g6 17. Qd4 (17. Bd4 Nd7 18. Qh6 Ne5 19. Rae1 {½-½ (41) Morozevich,A (2656)-Chigaev,M (2606) Khanty-Mansiysk 2018}) 17... Rfe8 18. Bh6 Qc5 19. Qxc5 dxc5 20. d6 $146 Ng4 $1 21. Bf4 Bf6 22. c3 Be5 23. Bc4 Bxf4 24. Rxf4 Ne5 25. Raf1 Nxc4 26. Rxc4 Rad8 27. Rd1 Re6 28. b4 Rexd6 29. Rxd6 Rxd6 30. Rxc5 Rd1+ 31. Kf2 Ra1 32. Ra5 Rc1 33. Rc5 Ra1 $11 1/2-1/2

[Event "Marienbad Open-B2 2019"]
[Site "Marianske Lazne"]
[Date "2019.01.26"]
[Round "9"]
[White "Cerveny, Petr"]
[Black "Ng, Jen Sheng"]
[Result "1/2-1/2"]
[ECO "C11"]
[WhiteElo "2318"]
[BlackElo "2075"]
[Annotator "NA"]
[PlyCount "62"]
[EventDate "2019.01.17"]
[EventType "tourn"]
[EventCountry "CZE"]
[SourceTitle "playchess.com"]
[Source "ChessBase"]
[SourceQuality "1"]
[TimeControl "40/5400+30:1800+30"]

1. e4 e6 2. d4 d5 3. Nc3 Nf6 4. e5 Nfd7 5. f4 c5 6. Nf3 Nc6 7. Be3 a6 8. Qd2 b5 9. a3 Qb6 10. Nd1 {[%emt 0:01:29] C11: French: Classical System: 4 e5 and 4 Bg5 dxe4} (10. Ne2 b4 11. axb4 Qxb4 12. c3 Qb7 13. Nc1 Be7 14. Bd3 c4 15. Bb1 Rb8 16. Ra2 Nb4 17. Ra1 Nc6 18. Ra2 {½-½ (18) Karjakin,S (2723)-Vitiugov,N (2694) Khanty-Mansiysk 2009}) 10... cxd4 11. Nxd4 Bc5 12. c3 Qc7 $146 ({Predecessor:} 12... O-O 13. Bd3 a5 14. O-O Bb7 15. Nxb5 Ba6 16. Nd4 Bxd3 17. Qxd3 Rfc8 {1-0 (49) Zemlyanov,S (2070)-Von de Heydt,H (2158) ICCF email 2010}) 13. b4 Bxd4 14. Bxd4 Nxd4 15. Qxd4 O-O 16. Be2 f6 17. exf6 Nxf6 18. O-O Ne4 19. g3 Bb7 20. Bd3 Rac8 21. Ra2 Qe7 22. Rc2 Qf6 23. Qxf6 gxf6 24. f5 Kf7 25. fxe6+ Kxe6 26. Rf4 Rc7 27. Ne3 Ke5 28. Ng4+ Ke6 29. Ne3 Ke5 30. Ng4+ Ke6 $11 31. Ne3 Ke5 1/2-1/2

[Event "Marienbad Open-B2 2019"]
[Site "Marianske Lazne"]
[Date "2019.01.26"]
[Round "9"]
[White "Jurek, Josef"]
[Black "Stigar, Petter"]
[Result "1/2-1/2"]
[ECO "A13"]
[WhiteElo "2273"]
[BlackElo "2177"]
[Annotator "NA"]
[PlyCount "45"]
[EventDate "2019.01.17"]
[EventType "tourn"]
[EventCountry "CZE"]
[SourceTitle "playchess.com"]
[Source "ChessBase"]
[SourceQuality "1"]
[TimeControl "40/5400+30:1800+30"]

1. c4 e6 2. Nc3 d5 3. d4 Nf6 4. Bg5 Be7 5. e3 Nbd7 6. Nf3 h6 7. Bh4 O-O 8. Rc1 c5 {[%emt 0:03:01] D63: Queen's Gambit Declined: Classical: 7 Rc1} 9. cxd5 (9. dxc5 Nxc5 10. cxd5 g5 11. Bg3 Nxd5 12. Nxd5 Qxd5 13. Qxd5 exd5 14. Nd4 Bd7 15. Be2 Rac8 16. O-O {½-½ (31) Ivanchuk,V (2710)-Yu,Y (2765) Batumi 2018}) 9... Nxd5 10. Bxe7 Nxe7 11. Bb5 cxd4 {[%emt 0:00:35] LiveBook: 24 Games} 12. Qxd4 Nf6 13. O-O a6 14. Be2 Qxd4 15. Nxd4 Bd7 16. Bf3 Rab8 $146 17. Rfd1 $11 Rfc8 18. Kf1 Kf8 19. Ke1 Rc7 20. Ne4 Rxc1 21. Rxc1 Nxe4 22. Bxe4 Rc8 23. Rxc8+ 1/2-1/2

[Event "Marienbad Open-B2 2019"]
[Site "Marianske Lazne"]
[Date "2019.01.26"]
[Round "9"]
[White "German, Nikita"]
[Black "Frolov, Artur"]
[Result "0-1"]
[ECO "B30"]
[WhiteElo "2162"]
[BlackElo "2430"]
[Annotator "NA RC"]
[PlyCount "118"]
[EventDate "2019.01.17"]
[EventType "tourn"]
[EventCountry "CZE"]
[SourceTitle "playchess.com"]
[Source "ChessBase"]
[SourceQuality "1"]
[TimeControl "40/5400+30:1800+30"]

1. e4 c5 2. Nf3 Nc6 3. d4 cxd4 4. Nxd4 Nf6 5. Nc3 d6 6. Bg5 e6 7. Qd2 a6 8. O-O-O Bd7 9. f4 Be7 10. Nf3 b5 11. Bxf6 gxf6 12. Kb1 Qa5 {[%emt 0:14:43] LiveBook: 12 Games B69: Sicilian: Richter-Rauzer: 7...a6 8 0-0-0 Bd7 9 f4 Be7 10 Nf3 b5 11 Bxf6} (12... Qb6 13. f5 O-O-O 14. g3 Na5 15. Bh3 Nc4 16. Qe2 Rhe8 17. Nd4 Bf8 18. Qh5 b4 19. fxe6 fxe6 20. Nce2 Kb8 21. Nf4 f5 22. exf5 Nxb2 23. Kxb2 {0-1 (75) Ragger,M (2701)-Salgado Lopez,I (2624) Germany 2018}) 13. Qe3 ({Better is} 13. f5 $14) 13... Rc8 $146 ({Predecessor:} 13... b4 14. Ne2 Qc5 15. Qxc5 dxc5 16. Nd2 Na5 17. Nc1 Bb5 18. Ncb3 Nc6 19. Nc4 Rd8 {½-½ (99) Arnason,J (2555)-Maki,V (2340) Torshavn 1987}) 14. Nd2 Qc7 15. Bd3 Nb4 16. a3 Nxd3 17. Qxd3 Qb6 18. Ne2 b4 19. Nc4 Qc5 20. Nxd6+ Bxd6 21. Qxd6 Qxd6 22. Rxd6 bxa3 23. b3 Bc6 24. Nc3 Ke7 25. Rd3 Rhg8 26. Rg1 Rc7 27. g3 Rgc8 28. Rg2 $2 {[%emt 0:00:35] [#]} (28. g4 $15) 28... f5 $2 (28... Ba8 $1 $19 29. Re2 Rxc3 30. Rxc3 Rxc3) 29. Nd5+ Bxd5 (29... exd5 $17 30. exd5 Bb7) 30. exd5 {[%emt 0:00:04] [#]} a2+ $1 31. Ka1 Rxc2 32. Rdd2 $1 Rxd2 33. Rxd2 Rd8 34. Rxa2 Rxd5 35. Rxa6 Rd1+ 36. Kb2 Rd2+ 37. Ka3 (37. Kc3 $5 Rxh2 38. Ra7+ Kd6 39. Rxf7 $11) 37... Rxh2 38. Rc6 (38. b4 $1 $11 {keeps the balance.}) 38... Rh3 39. Rc3 h5 40. Kb4 h4 41. gxh4 Rxh4 42. Rc4 Rh3 43. Ka4 Re3 44. b4 Re4 45. Rc7+ Kd6 46. Rxf7 Rxf4 47. Ka5 Rf1 (47... Rf3 $17) 48. b5 Kc5 49. Rc7+ Kd4 50. b6 $1 Rb1 51. b7 f4 52. Ka6 $1 e5 53. Rc8 $2 (53. Rf7 $11) 53... e4 54. b8=Q Rxb8 55. Rxb8 e3 56. Rd8+ $19 Kc3 57. Re8 Kd2 58. Rd8+ Ke2 59. Kb5 f3 0-1